 Dungeon Sprint DCSS version 0.21.1-1-g345015f (webtiles) character file.

3680 Fang the Fighter (level 9, -3/94 (96) HPs)
             Began as a Minotaur Berserker on June 8, 2018.
             Was a High Priest of Trog.
             Slain by an orc sorcerer
             ... wielding a +1 dagger of draining
              (4 damage)
             ... in the Dungeon (Sprint V: "Ziggurat Sprint").
             The game lasted 00:02:01 (611 turns).

Fang the Fighter (Minotaur Berserker)                Turns: 611, Time: 00:02:02

HP:   -3/94 (96)    AC:  8    Str: 30    XL:     9   Next: 90%
MP:   1/8           EV: 16    Int:  4    God:    Trog [*****.]
Gold: 0             SH:  0    Dex: 11    Spells: 8/8 levels left

rFire    . . .     SeeInvis .   l - +5 demon trident
rCold    . . .     Gourm    .   (no shield)
rNeg     . . .     Faith    .   a - +3 leather armour {rPois}
rPois    +         Spirit   .   (helmet restricted)
rElec    .         Reflect  .   j - +0 cloak {+Inv}
rCorr    .         Harm     .   (no gloves)
MR       .....     NoTele   +   (no boots)
Stlth    +.........             (no amulet)
HPRegen  0.25/turn              G - ring of flight
MPRegen  0.11/turn              F - +6 ring of strength

@: lethally poisoned (-3 -> -6), berserk cooldown, slowed, very slow
A: retaliatory headbutt, horns 2
a: Berserk, Trog's Hand, Brothers in Arms, Burn Spellbooks, Renounce Religion,
Evoke Invisibility, Evoke Flight


You were in the Dungeon.
You worshipped Trog.
Trog was extremely pleased with you.
You were not hungry.

You visited 1 branch

Inventory:

Hand Weapons
 k - a +5 executioner's axe of freezing
 l - a +5 demon trident (weapon)
Armour
 a - a +3 leather armour of poison resistance (worn)
 j - a +0 cloak of invisibility (worn)
Jewellery
 F - a +6 ring of strength (right hand)
 G - a ring of flight (left hand)
Wands
 x - a wand of disintegration (7)
 y - a wand of iceblast (7)
 z - a wand of acid (7)
Scrolls
 i - 4 scrolls of blinking
 m - 7 scrolls of fog
 n - a scroll of holy word
 o - 5 scrolls of identify
 p - 5 scrolls of remove curse
 q - 2 scrolls of fear
Potions
 d - 10 potions of curing
 e - 10 potions of heal wounds
 f - 6 potions of haste
 g - 7 potions of magic
 h - 3 potions of berserk rage
 r - 2 potions of brilliance
 s - 2 potions of invisibility
 t - 4 potions of resistance
 u - a potion of experience
 v - 5 potions of agility
 w - 5 potions of might
Comestibles
 b - 12 chunks of flesh
 c - 6 rations


   Skills:
 + Level 14.7 Fighting
 + Level 14.6(16.2) Axes
 + Level 12.5(15.2) Polearms
 + Level 9.6 Armour
 + Level 8.2 Dodging
 + Level 0.2 Stealth


You had 8 spell levels left.
You didn't know any spells.

Dungeon Overview and Level Annotations

Branches:
Dungeon (1/1)

Altars:
Ashenzari
Cheibriados
Dithmenos
Elyvilon
Fedhas
Gozag
Hepliaklqana
Kikubaaqudgha
Makhleb
Nemelex Xobeh
Okawaru
Qazlal
Ru
Sif Muna
Trog
Uskayaw
Vehumet
Wu Jian
Xom
Yredelemnul
Zin
The Shining One
Beogh
Jiyva
Lugonu

Annotations:
D 1 transporter


Innate Abilities, Weirdness & Mutations

You reflexively headbutt those who attack you in melee.
You have a pair of horns on your head.


Message History

Your life force feels restored.
The orc sorcerer closely misses you.
Attack whom?
Press: ? - help, Dir - move target cursor, f - orc sorcerer
Aim: an orc sorcerer, wielding a dagger of draining and wearing a robe You closely miss the orc sorcerer.
You are no longer berserk.
You are exhausted.
You feel yourself slow down.
You feel sick. The orange demon stings you from afar.
* * * LOW HITPOINT WARNING * * *
Attack whom?
Press: ? - help, Dir - move target cursor, f/p - orc sorcerer
Aim: an orc sorcerer, wielding a dagger of draining and wearing a robe You impale the orc sorcerer!!
Your headbutt misses the orc sorcerer.
The orc sorcerer is heavily wounded.
* * * LOW HITPOINT WARNING * * *
You feel sick.
The orc sorcerer hits you with a dagger of draining.
You die...

▓..©..▓..©..▓▓▓▓▓▓▓
▓▓▓▓▓▓▓▓▓▓▓▓▓▓▓▓▓▓▓
▓..8©8...▓..8©8...▓
▓..[.}...▓..)[=...▓
▓...)....▓..|.....▓
▓........▓........▓
▓....(...▓....)e..▓
▓.▓.)..▓.▓.▓†o§4▓.▓
▓...©....▓...@....▓
▓▓▓▓▓▓▓▓▓▓▓▓▓▓▓▓▓▓▓


You could see an orange demon, a deep elf mage and an orc sorcerer.

Vanquished Creatures
  A two-headed ogre (D)
  A death scarab (D)
  A cyclops (D)
  3 toenail golems (D)
  A black mamba (shapeshifter) (D)
  An air elemental (D)
  A water elemental (D)
  An ushabti (D)
  An eye of draining (D)
  2 ogres (D)
  A jelly (D)
  A mummy (D)
  A giant cockroach zombie (D)
16 creatures vanquished.

Notes
Turn   | Place    | Note
-------+----------+-------------------------------------------
     0 | D        | Found the +6 Majin-Bo {vamp, Archmagi MP+6 Int+6}
     0 | D        | Found the +7 great mace "Firestarter" {inner flame, rF++}
     0 | D        | Fang the Minotaur Berserker began the quest for the Orb.
     0 | D        | Reached XP level 1. HP: 19/19 MP: 0/0
     3 | D        | Found a blossoming altar of Fedhas.
     4 | D        | Found a viscous altar of Jiyva.
     4 | D        | Found a hazy altar of Hepliaklqana.
     4 | D        | Found a transporter.
     4 | D        | Found an opulent altar of Gozag.
     4 | D        | Found an ancient bone altar of Kikubaaqudgha.
     4 | D        | Found a corrupted altar of Lugonu.
    10 | D        | Found a burning altar of Makhleb.
    11 | D        | Found a stormy altar of Qazlal.
    11 | D        | Found a sacrificial altar of Ru.
    11 | D        | Found an iron altar of Okawaru.
    11 | D        | Found a deep blue altar of Sif Muna.
    11 | D        | Found a sparkling altar of Nemelex Xobeh.
    11 | D        | Found a bloodstained altar of Trog.
    73 | D        | Entered arena 2.
    73 | D        | Noticed a jelly
    73 | D        | Noticed an eye of draining
    73 | D        | Found a transporter.
    75 | D        | Killed a jelly
    75 | D        | Reached skill level 5 in Fighting
    75 | D        | Reached skill level 5 in Axes
    75 | D        | Reached XP level 2. HP: 30/30 MP: 1/1
    75 | D        | Reached XP level 3. HP: 37/37 MP: 2/2
    77 | D        | Killed an eye of draining
    77 | D        | Reached XP level 4. HP: 47/47 MP: 0/3
   132 | D        | Entered arena 3.
   132 | D        | Noticed a toenail golem
   132 | D        | Noticed a toenail golem
   132 | D        | Noticed a toenail golem
   132 | D        | Found a transporter.
   133 | D        | Found the +5 pair of quick blades "Gyre" and "Gimble" {pierce, Dex-3}
   138 | D        | Killed a toenail golem
   138 | D        | Reached ** piety under Trog
   138 | D        | Reached skill level 10 in Fighting
   138 | D        | Reached skill level 10 in Axes
   138 | D        | Reached skill level 5 in Dodging
   138 | D        | Reached XP level 5. HP: 58/58 MP: 4/4
   138 | D        | Reached XP level 6. HP: 66/66 MP: 5/5
   142 | D        | Killed a toenail golem
   142 | D        | Reached XP level 7. HP: 74/74 MP: 6/6
   144 | D        | Killed a toenail golem
   144 | D        | Reached XP level 8. HP: 83/83 MP: 7/7
   199 | D        | Entered arena 4.
   199 | D        | Noticed a death scarab
   199 | D        | Found a transporter.
   202 | D        | Killed a death scarab
   202 | D        | Reached *** piety under Trog
   213 | D        | Reached skill level 10 in Polearms
   514 | D        | Entered arena 5.
   514 | D        | Noticed a two-headed ogre
   514 | D        | Noticed a cyclops
   514 | D        | Found a transporter.
   515 | D        | Found the +2 Maxwell's thermic engine {flame, freeze, rF- rC-}
   519 | D        | Killed a two-headed ogre
   519 | D        | Reached XP level 9. HP: 92/92 MP: 8/8
   520 | D        | Reached **** piety under Trog
   523 | D        | Killed a cyclops
   586 | D        | Entered arena 6.
   586 | D        | Noticed a deep elf mage
   586 | D        | Noticed an orc sorcerer
   586 | D        | Noticed a yaktaur
   586 | D        | Found a transporter.
   590 | D        | Noticed an orange demon
   595 | D        | Reached ***** piety under Trog
   596 | D        | Paralysed by an orc sorcerer for 6 turns
   600 | D        | Noticed a black mamba
   600 | D        | a yaktaur changed into a black mamba
   609 | D        | Killed a black mamba
   610 | D        | HP: 2/94 [orange demon[an orc sorcerer] (5)]
   611 | D        | Slain by an orc sorcerer

Skill      XL: |  1  2  3  4  5  6  7  8  9 |
---------------+----------------------------+-----
Fighting       | 5 7 10 11 12 13 14 | 14.7
Axes           | 5 7 10 11 12 14 | 14.6
Armour         | 3 4 6 7 9 |  9.6
Dodging        | 3 5 6 7 8 |  8.2
Polearms       | 2 6 7 8 11 12 | 12.5
Stealth        | |  0.2

Action                   |  1- 3 |  4- 6 |  7- 9 || total
-------------------------+-------+-------+-------++-------
Melee: Demon trident     |     3 |     9 |    27 ||    39
       Headbutt          |     1 |     2 |     4 ||     7
       Pair of quick bla |       |       |    10 ||    10
Invok: Berserk           |     1 |     1 |     3 ||     5
  Use: Scroll            |       |       |     1 ||     1
  Eat: Ration            |       |       |     1 ||     1
Armor: Leather armour    |       |     1 |     9 ||    10
Dodge: Dodged            |       |     5 |    14 ||    19
